 Dungeon Crawl Stone Soup version 0.21.0 (webtiles) character file.

1852 PurpleOddity the Slicer (level 8, -2/71 HPs)
             Began as a Red Draconian Berserker on June 21, 2018.
             Was a Priest of Trog.
             Slain by an iguana (12 damage)
             ... on level 6 of the Dungeon.
             The game lasted 00:42:47 (8757 turns).

PurpleOddity the Slicer (Red Draconian Berserker)   Turns: 8757, Time: 00:42:48

Health: -2/71      AC:  6    Str: 22    XL:     8   Next: 88%
Magic:  9/9        EV: 14    Int:  8    God:    Trog [***...]
Gold:   323        SH:  4    Dex: 10    Spells: 7/7 levels left

rFire    + + .     SeeInvis .   a - +3 short sword
rCold    + . .     Gourm    .   m - +0 buckler
rNeg     . . .     Faith    .   (armour unavailable)
rPois    .         Spirit   .   (helmet restricted)
rElec    .         Reflect  .   f - scarf {rC+ rF+}
rCorr    .         Harm     .   (no gloves)
MR       .....                  (no boots)
Stlth    ++........             (no amulet)
HPRegen  0.21/turn              (no ring)
MPRegen  0.11/turn              (no ring)

@: lethally poisoned (-2 -> -3), drained
A: breathe fire, unfitting armour, fire resistance 1, cold-blooded, AC +6
a: Breathe Fire, Berserk, Trog's Hand, Burn Spellbooks, Renounce Religion


You were on level 6 of the Dungeon.
You worshipped Trog.
Trog was most pleased with you.
You were hungry.

You visited 1 branch of the dungeon, and saw 6 of its levels.

You collected 411 gold pieces.
You spent 88 gold pieces at shops.

Inventory:

Hand Weapons
 a - a +3 short sword (weapon)
Armour
 c - a +0 helmet
 f - a scarf of resistance (worn)
 m - a +0 buckler (worn)
Jewellery
 n - a cursed ring of teleportation
Wands
 g - a wand of flame (53)
 j - a wand of acid (1)
Scrolls
 d - 3 scrolls of enchant weapon
 e - a scroll of fear {unknown}
 h - a scroll of immolation
 r - a scroll of teleportation
 t - 2 scrolls of enchant armour {unknown}
 u - a scroll of identify
Potions
 i - a potion of resistance {unknown}
 k - 2 potions of berserk rage
 l - a potion of flight {unknown}
 o - 3 potions of mutation {unknown}
 p - 2 potions of curing {unknown}
 q - a potion of lignification {unknown}
 s - a potion of brilliance {unknown}
 v - a potion of heal wounds {unknown}
Books
 b - a book of Cantrips

   Spells                             Type                      Level
   a - Confusing Touch                Hexes                        1
   b - Animate Skeleton               Necromancy                   1
   c - Summon Small Mammal            Summoning                    1
   d - Apportation                    Translocation                1
   Trog disapproves of the use of such an item.


   Skills:
 + Level 6.4(6.1) Fighting
 + Level 8.0(7.6) Short Blades
 + Level 5.8(5.5) Dodging
 + Level 2.4(2.1) Stealth
 + Level 2.5(2.2) Shields
 + Level 1.9(1.6) Evocations


You had 7 spell levels left.
You didn't know any spells.

Dungeon Overview and Level Annotations

Branches:
Dungeon (6/15)             Temple (0/1) D:6

Altars:
Elyvilon
Uskayaw

Shops:
D:4 }


Innate Abilities, Weirdness & Mutations

You can breathe blasts of fire.
Your fiery red scales are hard. (AC +6)
You cannot fit into any form of body armour.
Your flesh is heat resistant. (rF+)
You are cold-blooded and may be slowed by cold attacks.


Message History

The scorpion closely misses you.
You feel sick. The scorpion closely misses you. The scorpion barely misses you.
You aren't carrying any food.
What are your orders? t - Shout!
Orders for allies: a - Attack new target. r - Retreat! s - Stop attacking. g - Guard the area. f - Follow me.
Anything else - Cancel.
Gang up on whom?
Press: ? - help, Dir - move target cursor
Okay, then.
Aiming: Throw Flame
Press: ? - help, Shift-Dir - straight line, f - scorpion
Aim: a scorpion (moderately wounded) That beam is likely to hit you.
Continue anyway?
Okay, then.
The iguana bites you!
You die...

############.#
##.....#......#
##....=........##
######..@............#
#######.....sl............[#
.......................)...#
#.#.#)#.#.#.....w..........#
...........................#
.#.#.#.#.#.##.............##
...........###...>.......##
##........## ######.######
#.........# #.##


You could see a worm, a scorpion and an iguana.

Vanquished Creatures
  Sigmund (D:6)
  An orc warrior (D:5)
  A phantom (D:4)
  2 ogres
  4 big kobolds (D:4)
  A bullfrog (D:6)
  3 scorpions
  5 wights (D:6)
  A crimson imp (D:5)
  A hound (D:5)
  A centaur zombie (D:3)
  A jelly (D:5)
  2 bullfrog skeletons
  An orc priest (D:6)
  2 iguanas
  A centaur skeleton (D:6)
  Ijyb (D:5)
  Natasha (thrice) (D:3)
  A worker ant (D:4)
  An adder (D:4)
  4 gnolls (D:4)
  A shadow imp (D:5)
  2 oozes (D:2)
  An adder skeleton (D:4)
  4 worms
  2 dart slugs (D:1)
  2 leopard geckos
  3 orcs
  9 bats
  6 giant cockroaches
  37 goblins
  23 hobgoblins
  14 jackals
  3 quokkas
  2 frilled lizards
  A giant cockroach zombie (D:5)
  5 kobolds
  11 rats
164 creatures vanquished.

Notes
Turn   | Place    | Note
-------+----------+-------------------------------------------
     0 | D:1      | PurpleOddity the Draconian Berserker began the quest for the Orb.
     0 | D:1      | Reached XP level 1. HP: 19/19 MP: 1/1
   102 | D:1      | Reached XP level 2. HP: 9/26 MP: 2/2
  1126 | D:1      | Reached XP level 3. HP: 32/33 MP: 3/3
  1453 | D:2      | Reached ** piety under Trog
  2561 | D:3      | Reached XP level 4. HP: 30/40 MP: 4/4
  2562 | D:3      | Noticed Natasha
  2572 | D:3      | Killed Natasha
  2719 | D:3      | Noticed Natasha
  2752 | D:3      | Killed Natasha
  2752 | D:3      | Reached skill level 4 in Short Blades
  2752 | D:3      | Reached XP level 5. HP: 17/47 MP: 5/5
  2786 | D:3      | Noticed Natasha
  2791 | D:3      | Killed Natasha
  2791 | D:3      | Reached skill level 1 in Evocations
  3309 | D:3      | Reached *** piety under Trog
  3542 | D:4      | Noticed a phantom
  3569 | D:4      | Killed a phantom
  3569 | D:4      | Reached XP level 6. HP: 37/53 MP: 6/6
  3664 | D:4      | Found Itail's Gadget Shoppe.
  3692 | D:4      | Reached skill level 1 in Stealth
  4001 | D:4      | Bought a wand of flame (14) for 88 gold pieces
  4259 | D:4      | Reached skill level 5 in Short Blades
  4637 | D:4      | Reached skill level 5 in Fighting
  4637 | D:4      | Your scales start taking on a fiery red colour.
  4637 | D:4      | Reached XP level 7. HP: 50/61 MP: 8/8
  4637 | D:4      | Gained mutation: Your flesh is heat resistant. (rF+) [Red Draconian growth]
  4647 | D:4      | Reached **** piety under Trog
  4672 | D:4      | Reached skill level 6 in Short Blades
  4677 | D:4      | Reached skill level 1 in Shields
  4857 | D:4      | Reached skill level 5 in Dodging
  5114 | D:4      | Found a white marble altar of Elyvilon.
  5621 | D:5      | Entered Level 5 of the Dungeon
  5767 | D:5      | Noticed Ijyb
  5796 | D:5      | Killed Ijyb
  6350 | D:5      | Reached XP level 8. HP: 5/69 MP: 9/9
  7289 | D:6      | Found a hide-covered altar of Uskayaw.
  7310 | D:5      | HP: 2/69 [orc warrior/short sword (8)]
  7699 | D:6      | Found a sand-covered staircase.
  7727 | D:6      | Noticed Sigmund
  8176 | D:6      | Reached skill level 7 in Short Blades
  8205 | D:6      | Killed Sigmund
  8676 | D:6      | Found a staircase to the Ecumenical Temple.
  8731 | D:6      | Reached skill level 8 in Short Blades
  8757 | D:6      | Slain by an iguana

Skill      XL: |  1  2  3  4  5  6  7  8 |
---------------+-------------------------+-----
Dodging        | 3 4 5 |  5.8
Fighting       | 4 5 6 |  6.4
Short Blades   | 4 5 6 8 |  8.0
Evocations     | 1 |  1.9
Stealth        | 1 2 |  2.4
Shields        | 1 2 |  2.5

Action                   |  1- 3 |  4- 6 |  7- 9 || total
-------------------------+-------+-------+-------++-------
Melee: Short sword       |   145 |   223 |   257 ||   625
       Tailslap          |    15 |    36 |    36 ||    87
Invok: Berserk           |       |     1 |     1 ||     2
 Abil: Breathe Fire      |       |       |     6 ||     6
Evoke: Wand              |       |     6 |     6 ||    12
  Use: Scroll            |     3 |     6 |     2 ||    11
       Potion            |       |       |     1 ||     1
 Stab: Sleeping          |       |     1 |       ||     1
  Eat: Ration            |     2 |     2 |     4 ||     8
Armor: Skin              |    75 |    69 |    42 ||   186
Dodge: Dodged            |   149 |   146 |   126 ||   421
Block: Buckler           |     1 |    27 |    32 ||    60
